 Dungeon Crawl Stone Soup version 0.23.0 (webtiles) character file.

Game seed: 2449144691826908239

666 HunterAntonescu the Shooter (level 7, -1/62 HPs)
             Began as a Minotaur Hunter on Feb 16, 2019.
             Killed by nerve-wracking pain
             ... invoked by an orc priest
              (4 damage)
             ... on level 5 of the Dungeon.
             The game lasted 00:30:41 (4726 turns).

HunterAntonescu the Shooter (Minotaur Hunter)       Turns: 4726, Time: 00:30:42

Health: -1/62      AC:  7    Str: 17    XL:     7   Next: 31%
Magic:  6/6        EV: 11    Int:  8    God:
Gold:   136        SH:  0    Dex: 12    Spells: 6/6 levels left

rFire    . . .     SeeInvis .   a - +1 shortbow
rCold    . . .     Gourm    .   (shield currently unavailable)
rNeg     . . .     Faith    +   y - +0 scale mail
rPois    .         Spirit   .   (helmet restricted)
rElec    .         Reflect  .   (no cloak)
rCorr    .         Harm     .   (no gloves)
MR       .....                  (no boots)
Stlth    ..........             u - amulet of faith
HPRegen  0.20/turn              p - +1 ring of protection
MPRegen  0.10/turn              (no ring)

@: no status effects
A: retaliatory headbutt, horns 2
a: no special abilities


You were on level 5 of the Dungeon.
You were not hungry.

You visited 1 branch of the dungeon, and saw 5 of its levels.

You collected 136 gold pieces.

Inventory:

Hand Weapons
 a - a +1 shortbow (weapon)
Missiles
 d - 25 arrows (quivered)
Armour
 y - a +0 scale mail (worn)
Jewellery
 k - an uncursed amulet of rage
 p - a +1 ring of protection (left hand)
 u - an amulet of faith (around neck)
Wands
 v - a wand of acid (8)
Scrolls
 e - 6 scrolls of teleportation
 g - 2 scrolls of remove curse
 l - 2 scrolls of identify
 m - 2 scrolls of fear
 n - a scroll of amnesia {unknown}
 o - a scroll of blinking {unknown}
 r - a scroll of enchant weapon {unknown}
 s - a scroll of enchant armour {unknown}
 t - a scroll of noise {unknown}
Potions
 j - 3 potions of curing
 q - a potion of magic {unknown}
 w - a potion of heal wounds {unknown}
 x - a potion of cancellation {unknown}
Comestibles
 f - 2 rations


   Skills:
 * Level 5.7 Fighting
 * Level 7.1 Bows
 + Level 3.4 Armour
 + Level 3.9 Dodging
 - Level 0.7 Stealth


You had 6 spell levels left.
You didn't know any spells.
Your spell library contained the following spells:

 Spells                   Type           Power        Failure   Level  Hunger
 Confusing Touch          Hex            #.....       80%         1    ##.....
 Confuse                  Hex            #.......     99%         3    ####...
 Gell's Gravitas          Tloc           #.........   99%         3    ####...
 Petrify                  Tmut/Erth      #.......     100%        4    #####..
 Metabolic Englaciation   Hex/Ice        #.........   100%        5    ######.
 Yara's Violent Unravell  Hex/Tmut       #.........   100%        5    ######.


Dungeon Overview and Level Annotations

Branches:
Dungeon (5/15)
 Temple: D:4-7

Altars:
Nemelex Xobeh
The Shining One


Innate Abilities, Weirdness & Mutations

You reflexively headbutt those who attack you in melee.
You have a pair of horns on your head.


Message History

Press: ? - help, Shift-Dir - straight line, f/p - orc priest
Aim: an orc priest, wielding a +0 hand axe and wearing a +0 chain mail (heavily wounded)
You shoot an arrow.
The arrow hits the orc priest but does no damage.
The orc priest is heavily wounded.
As you read the scroll of immolation, it crumbles to dust.
The creatures around you are filled with an inner flame!
The orc priest mumbles some strange prayers to Beogh against you.
Pain shoots through your body!
* * * LOW HITPOINT WARNING * * *
The orc wizard hits you with a +0 dagger.
* * * LOW HITPOINT WARNING * * *
Firing (i - inventory)
d - 26 arrows (quivered)
Press: ? - help, Shift-Dir - straight line, f/p - orc priest
Aim: an orc priest, wielding a +0 hand axe and wearing a +0 chain mail (heavily wounded, inner flame)
You shoot an arrow. The arrow hits the orc priest.
The orc priest is severely wounded.
The orc priest calls down the wrath of Beogh upon you.
Pain shoots through your body!
You die...

..... #....# ##
.....## #.)..# #
.......## ##....##
...%....###..(...##
..................#
...........)#####..#
#.........## #.#
##.......## ..#
#....@..# .#
#.....oo.#
......(((.# #.
...##..((.# #. ##
###.(.# #.. #(...
#.. # #((...
##..#### .......
###....#..
..........


You could see an orc priest (inner flame) and an orc wizard (inner flame).

Vanquished Creatures
  2 ogres
  A centaur (D:5)
  A howler monkey (D:5)
  A crimson imp (D:5)
  A hound (D:5)
  2 orc priests
  An iguana (D:3)
  2 worker ants (D:4)
  An orc wizard (D:3)
  A howler monkey skeleton (D:4)
  4 adders
  2 oozes
  An adder zombie (D:5)
  2 worms (D:2)
  4 leopard geckos
  19 orcs
  5 giant cockroaches
  8 hobgoblins
  5 jackals
  2 ball pythons
  5 bats
  4 frilled lizards
  7 goblins
  A kobold (D:1)
  5 rats
87 creatures vanquished.

Notes
Turn   | Place    | Note
-------+----------+-------------------------------------------
     0 | D:1      | HunterAntonescu the Minotaur Hunter began the quest for the
                  | Orb.
     0 | D:1      | Reached XP level 1. HP: 18/18 MP: 0/0
   171 | D:1      | Reached XP level 2. HP: 25/25 MP: 1/1
   253 | D:1      | Reached skill level 5 in Bows
   993 | D:2      | Reached XP level 3. HP: 22/30 MP: 2/2
  1588 | D:3      | Reached skill level 1 in Armour
  1716 | D:3      | Reached XP level 4. HP: 38/38 MP: 3/3
  2902 | D:3      | Reached XP level 5. HP: 28/46 MP: 4/4
  3400 | D:3      | Reached skill level 6 in Bows
  3926 | D:4      | Noticed an ogre
  3960 | D:4      | Killed an ogre
  3960 | D:4      | Reached XP level 6. HP: 53/53 MP: 5/5
  4071 | D:4      | Found a sparkling altar of Nemelex Xobeh.
  4212 | D:4      | Found a glowing golden altar of the Shining One.
  4416 | D:5      | Entered Level 5 of the Dungeon
  4490 | D:5      | Reached skill level 5 in Fighting
  4542 | D:5      | Reached XP level 7. HP: 52/61 MP: 6/6
  4679 | D:5      | Reached skill level 7 in Bows
  4725 | D:5      | HP: 3/62 [orc wizard/+0 dagger (1)]
  4726 | D:5      | Killed from afar by an orc priest

Skill      XL: |  1  2  3  4  5  6  7 |
---------------+----------------------+-----
Bows           | 5 6 7 |  7.1
Fighting       | 3 4 5 |  5.7
Armour         | 1 2 3 |  3.4
Dodging        | 3 |  3.9
Stealth        | |  0.7

Action                   |  1- 3 |  4- 6 |  7- 9 || total
-------------------------+-------+-------+-------++-------
Melee: Shortbow          |       |     3 |       ||     3
       Headbutt          |       |     2 |       ||     2
 Fire: Shortbow          |   119 |   174 |    53 ||   346
  Use: Scroll            |     2 |     1 |     2 ||     5
       Potion            |     1 |       |       ||     1
  Eat: Ration            |     1 |     3 |       ||     4
Armor: Leather armour    |     4 |       |       ||     4
       Ring mail         |    12 |    37 |       ||    49
       Scale mail        |       |     6 |     3 ||     9
Dodge: Dodged            |    16 |    63 |     9 ||    88
